[Event "DVM U12w 2024"]
[Site "Bad Homburg"]
[Date "2024.12.29"]
[Round "6"]
[White "Subocz, Emma"]
[Black "Scharfenberg, Leah"]
[Result "1/2-1/2"]
[ECO "B50"]
[WhiteElo "1106"]
[BlackElo "1087"]
[Annotator "NA RC"]
[PlyCount "174"]
[EventDate "2024.12.23"]
[EventType "team-tourn"]
[EventRounds "7"]
[EventCountry "GER"]
[SourceTitle "playchess.com"]
[Source "ChessBase"]
[SourceQuality "1"]
[TimeControl "40/5400+30:1800+30"]

1. e4 c5 2. c3 Nf6 3. d3 d6 4. Nf3 g6 5. d4 cxd4 6. Qxd4 Nc6 7. Qd3 Bg7 8. Be2 O-O 9. O-O a6 10. Bg5 b5 11. Nbd2 Bb7 12. Rad1 Rc8 13. Qc2 Qd7 14. h3 Rfd8 15. Nb3 Qe6 16. Bd3 Ne5 17. Nxe5 Qxe5 18. f4 Qe6 19. a3 Bxe4 20. Nd4 Qd5 21. Bxe4 Nxe4 22. Bxe7 Re8 23. Nb3 Qe6 24. Bh4 Qd7 25. Rfe1 Qb7 26. Nd2 Nxd2 27. Qxd2 Qb6+ 28. Bf2 Qc7 29. Qxd6 Qxd6 30. Rxd6 Rxe1+ 31. Bxe1 Re8 32. Bd2 Re2 33. Rd8+ Bf8 34. f5 Kg7 35. fxg6 hxg6 36. b4 Be7 37. Rd7 Bf6 38. Kf1 Re4 39. Rd6 Re6 40. Rxe6 fxe6 41. Kf2 Bh4+ 42. g3 Be7 43. Kf3 Kf6 44. h4 Ke5 45. Be3 Kd5 46. Bd4 Kc4 47. Kf4 Kd5 48. Ke3 e5 49. Bc5 Bxc5+ 50. bxc5 Kxc5 51. Ke4 Kc4 52. Kxe5 Kxc3 53. Kf6 Kb3 54. Kxg6 Kxa3 55. h5 b4 56. h6 b3 57. h7 b2 58. h8=Q b1=Q+ 59. Kg5 Qc1+ 60. Kg4 Qd1+ 61. Kf4 Qf1+ 62. Kg4 Qd1+ 63. Kf4 Qd2+ 64. Kg4 Qd1+ 65. Kf4 Qc1+ 66. Kg4 Qd1+ 67. Kf4 Qf1+ 68. Kg4 Qc4+ 69. Kh3 Qe6+ 70. Kh4 Qe4+ 71. Kg5 Qe3+ 72. Kg4 Qe6+ 73. Kh4 Qe4+ 74. Kg5 Qe3+ 75. Kg4 Qe2+ 76. Kf4 Qc4+ 77. Kg5 Qd5+ 78. Kg4 Qe4+ 79. Kg5 Qe3+ 80. Kg4 Qe2+ 81. Kg5 Qb5+ 82. Kg4 Qd7+ 83. Kf4 Qa4+ 84. Kg5 Qb5+ 85. Kg4 Qc4+ 86. Kh3 Qf1+ 87. Kg4 Qd1+ 1/2-1/2

[Event "DVM U12w 2024"]
[Site "Bad Homburg"]
[Date "2024.12.29"]
[Round "6"]
[White "Anaparthi, Anika"]
[Black "Rutschmann, Polly"]
[Result "1-0"]
[ECO "C44"]
[WhiteElo "1052"]
[BlackElo "1072"]
[Annotator "NA RC"]
[PlyCount "49"]
[EventDate "2024.12.23"]
[EventType "team-tourn"]
[EventRounds "7"]
[EventCountry "GER"]
[SourceTitle "playchess.com"]
[Source "ChessBase"]
[SourceQuality "1"]
[TimeControl "40/5400+30:1800+30"]

1. e4 e5 2. Nf3 Nc6 3. d4 exd4 4. Bc4 Bc5 5. Ng5 Ne5 6. Nxf7 Nxf7 7. Bxf7+ Kxf7 8. Qh5+ Kf8 9. Qxc5+ d6 10. Qxd4 Nf6 11. O-O Qe8 12. Nc3 Qg6 13. Qd3 Kf7 14. Bf4 Re8 15. Rfe1 Re7 16. Nd5 Nxd5 17. Qxd5+ Kf8 18. Re3 Qg4 19. Rf3 Qg6 20. Bxd6+ Ke8 21. Bxe7 Kxe7 22. Qe5+ Be6 23. Rd1 Rd8 24. Qxc7+ Bd7 25. Qc5+ 1-0

[Event "DVM U12w 2024"]
[Site "Bad Homburg"]
[Date "2024.12.29"]
[Round "6"]
[White "Mrugalski, Marie"]
[Black "Feldhaus, Lena"]
[Result "0-1"]
[ECO "D02"]
[WhiteElo "1052"]
[BlackElo "1539"]
[Annotator "NA RC"]
[PlyCount "28"]
[EventDate "2024.12.23"]
[EventType "team-tourn"]
[EventRounds "7"]
[EventCountry "GER"]
[SourceTitle "playchess.com"]
[Source "ChessBase"]
[SourceQuality "1"]
[TimeControl "40/5400+30:1800+30"]

1. d4 d5 2. Bf4 Nf6 3. e3 Bf5 4. Nf3 e6 5. Bd3 Bg6 6. c3 Bd6 7. Bg3 Nbd7 8. Bxg6 hxg6 9. Bxd6 cxd6 10. Qd3 a6 11. Nbd2 e5 12. e4 Rc8 13. Qe2 Qb6 14. exd5 Qxb2 0-1

[Event "DVM U12w 2024"]
[Site "Bad Homburg"]
[Date "2024.12.29"]
[Round "6"]
[White "Bacakova, Johanna"]
[Black "Nuzhnaia, Daria"]
[Result "0-1"]
[ECO "B21"]
[WhiteElo "1045"]
[BlackElo "831"]
[Annotator "NA RC"]
[PlyCount "98"]
[EventDate "2024.12.23"]
[EventType "team-tourn"]
[EventRounds "7"]
[EventCountry "GER"]
[SourceTitle "playchess.com"]
[Source "ChessBase"]
[SourceQuality "1"]
[TimeControl "40/5400+30:1800+30"]

1. e4 c5 2. d4 cxd4 3. c3 dxc3 4. Nxc3 d6 5. Nf3 Nf6 6. Bc4 Bd7 7. O-O e6 8. Qe2 Be7 9. Rd1 O-O 10. Bf4 Nc6 11. Rac1 h6 12. h3 e5 13. Bg3 Be6 14. Bxe6 fxe6 15. Nxe5 Nxe5 16. Bxe5 Nd7 17. Bxd6 Rc8 18. Bxe7 Qxe7 19. Qg4 Ne5 20. Qg3 Nc4 21. b3 Nb6 22. Ne2 Qa3 23. Rc3 Qxa2 24. Nd4 Rxc3 25. Qh4 e5 26. Ne6 Rfc8 27. Qe7 R8c7 28. Qf8+ Kh7 29. Qf5+ g6 30. Rd7+ Rxd7 31. Nf8+ Kg8 32. Nxg6 Qb1+ 33. Kh2 Rf7 34. Qe6 Qxb3 35. Qe8+ Kg7 36. Nxe5 Rcc7 37. f3 Rce7 38. Qd8 Rxe5 39. Qd4 Rfe7 40. Qd6 Qe6 41. Qd4 Rd7 42. Qe3 Rh5 43. Qc3+ Kg6 44. Qc2 Qe5+ 45. Kh1 Nc4 46. Qe2 Rd2 47. Qe1 Rxh3+ 48. Kg1 Qh2+ 49. Kf1 Qh1# 0-1

[Event "DVM U12w 2024"]
[Site "Bad Homburg"]
[Date "2024.12.29"]
[Round "6"]
[White "Scarlat-Timofte, Elena"]
[Black "Naz Öksüz, Meryem"]
[Result "0-1"]
[ECO "B01"]
[WhiteElo "1024"]
[BlackElo "1296"]
[Annotator "NA"]
[PlyCount "114"]
[EventDate "2024.12.23"]
[EventType "team-tourn"]
[EventRounds "7"]
[EventCountry "GER"]
[SourceTitle "playchess.com"]
[Source "ChessBase"]
[SourceQuality "1"]
[TimeControl "40/5400+30:1800+30"]

1. e4 d5 2. exd5 Qxd5 3. Nc3 Qa5 4. d4 Nf6 5. Nf3 Bg4 6. Be2 g6 7. Ne5 Bxe2 8. Qxe2 Nd5 9. Qb5+ Qxb5 10. Nxb5 Bg7 11. Ng4 Na6 12. O-O O-O 13. Bh6 Ndb4 14. Bxg7 Kxg7 15. c3 Nd3 16. b4 c6 17. Na3 f5 18. Ne5 Nxe5 19. dxe5 Rfd8 20. Rad1 Nc7 21. Nc4 Rxd1 22. Rxd1 Nd5 23. Rd3 Nf4 24. Rd2 Nd5 25. Rc2 h5 26. Ne3 Nxe3 27. fxe3 Rd8 28. Rc1 b6 29. a3 Rd2 30. h4 Re2 31. Kf1 Rxe3 32. a4 Rxe5 33. Re1 Rxe1+ 34. Kxe1 Kf6 35. Kd2 Ke5 36. Kd3 b5 37. axb5 cxb5 38. c4 bxc4+ 39. Kxc4 Kd6 40. b5 e5 41. Kd3 Kc5 42. Ke3 Kxb5 43. Kf3 a5 44. g4 hxg4+ 45. Kg3 a4 46. h5 gxh5 47. Kh4 a3 48. Kxh5 a2 49. Kg5 a1=Q 50. Kxf5 g3 51. Ke6 g2 52. Kd6 g1=R 53. Kd5 Qd4+ 54. Ke6 Rg6+ 55. Ke7 Qa7+ 56. Kf8 Rb6 57. Ke8 Rb8# 0-1

[Event "DVM U12w 2024"]
[Site "Bad Homburg"]
[Date "2024.12.29"]
[Round "6"]
[White "Khachaturyan, Viktoria"]
[Black "Ruddat, Maila"]
[Result "0-1"]
[ECO "D61"]
[WhiteElo "966"]
[BlackElo "1486"]
[Annotator "NA RC"]
[PlyCount "47"]
[EventDate "2024.12.23"]
[EventType "team-tourn"]
[EventRounds "7"]
[EventCountry "GER"]
[SourceTitle "playchess.com"]
[Source "ChessBase"]
[SourceQuality "1"]
[TimeControl "40/5400+30:1800+30"]

1. d4 d5 2. c4 e6 3. Nc3 Nf6 4. Bg5 Be7 5. e3 O-O 6. Nf3 Nbd7 7. Qc2 h6 8. Bf4 a6 9. c5 Nh5 10. Be5 Nxe5 11. Nxe5 Nf6 12. Bd3 Nd7 13. Nxd7 Bxd7 14. O-O b6 15. b4 b5 16. a4 c6 17. Kh1 Kh8 18. a5 Bf6 19. Ne2 e5 20. f3 Qc7 21. Qb2 Rae8 22. Nc3 exd4 23. exd4 Re3 24. Rad1 0-1

[Event "DVM U12w 2024"]
[Site "Bad Homburg"]
[Date "2024.12.29"]
[Round "6"]
[White "Wang, Lexin Selina"]
[Black "Yamshchikova, Oleksandra"]
[Result "0-1"]
[ECO "C50"]
[WhiteElo "920"]
[BlackElo "974"]
[Annotator "NA RC"]
[PlyCount "39"]
[EventDate "2024.12.23"]
[EventType "team-tourn"]
[EventRounds "7"]
[EventCountry "GER"]
[SourceTitle "playchess.com"]
[Source "ChessBase"]
[SourceQuality "1"]
[TimeControl "40/5400+30:1800+30"]

1. e4 e5 2. Nf3 Nc6 3. Bc4 Bc5 4. Nc3 d6 5. O-O Nf6 6. d3 Be6 7. Bxe6 fxe6 8. Be3 Bb6 9. Re1 O-O 10. Bg5 Qd7 11. h3 h6 12. Be3 Nh7 13. d4 exd4 14. Bxd4 Nxd4 15. Nxd4 e5 16. Nf3 Rf6 17. Rf1 Raf8 18. Nd5 R6f7 19. Nxb6 axb6 20. b3 0-1

[Event "DVM U12w 2024"]
[Site "Bad Homburg"]
[Date "2024.12.29"]
[Round "6"]
[White "Schindler, Mailin"]
[Black "Gelbach, Amelia"]
[Result "1-0"]
[ECO "B40"]
[WhiteElo "884"]
[BlackElo "809"]
[Annotator "NA RC"]
[PlyCount "33"]
[EventDate "2024.12.23"]
[EventType "team-tourn"]
[EventRounds "7"]
[EventCountry "GER"]
[SourceTitle "playchess.com"]
[Source "ChessBase"]
[SourceQuality "1"]
[TimeControl "40/5400+30:1800+30"]

1. e4 c5 2. Nf3 e6 3. d4 cxd4 4. Nxd4 Nf6 5. Nc3 Bb4 6. Nf3 Nxe4 7. Bd2 Bxc3 8. bxc3 O-O 9. Bd3 Nd6 10. Ng5 g6 11. Ne4 Nf5 12. O-O Nc6 13. Bg5 Qc7 14. Nf6+ Kh8 15. Qg4 Ne5 16. Qh3 Qxc3 17. Qxh7# 1-0

[Event "DVM U12w 2024"]
[Site "Bad Homburg"]
[Date "2024.12.29"]
[Round "6"]
[White "He, Siqi"]
[Black "Augustin, Luisa"]
[Result "0-1"]
[ECO "C50"]
[WhiteElo "870"]
[BlackElo "797"]
[Annotator "NA RC"]
[PlyCount "44"]
[EventDate "2024.12.23"]
[EventType "team-tourn"]
[EventRounds "7"]
[EventCountry "GER"]
[SourceTitle "playchess.com"]
[Source "ChessBase"]
[SourceQuality "1"]
[TimeControl "40/5400+30:1800+30"]

1. e4 e5 2. Nf3 Nc6 3. Bc4 Bc5 4. d3 h6 5. Nc3 Nf6 6. O-O d6 7. h3 g5 8. a3 g4 9. hxg4 Bxg4 10. b4 Bd4 11. Bb2 a6 12. Bd5 Qd7 13. Ra2 Rg8 14. g3 Bh3 15. Re1 Qg4 16. Nh2 Bxf2+ 17. Kxf2 Qxg3+ 18. Ke2 Qxh2+ 19. Ke3 Rg3+ 20. Qf3 Rxf3+ 21. Kxf3 Nd4+ 22. Ke3 Ng4# 0-1

[Event "DVM U12w 2024"]
[Site "Bad Homburg"]
[Date "2024.12.29"]
[Round "6"]
[White "Gelbach, Julietta"]
[Black "Schindler, Amilia"]
[Result "1-0"]
[ECO "C54"]
[WhiteElo "855"]
[BlackElo "790"]
[Annotator "NA RC"]
[PlyCount "85"]
[EventDate "2024.12.23"]
[EventType "team-tourn"]
[EventRounds "7"]
[EventCountry "GER"]
[SourceTitle "playchess.com"]
[Source "ChessBase"]
[SourceQuality "1"]
[TimeControl "40/5400+30:1800+30"]

1. e4 e5 2. Nf3 Nc6 3. Bc4 Bc5 4. d3 Nf6 5. c3 d6 6. h3 h6 7. a4 O-O 8. b4 d5 9. exd5 Nxb4 10. cxb4 Bxb4+ 11. Bd2 Bc5 12. O-O Nxd5 13. Nxe5 Nb6 14. Bxf7+ Kh7 15. Bb3 Bd4 16. Bc3 Bxe5 17. Bxe5 Qg5 18. Bg3 Qf6 19. Nd2 Bf5 20. Ne4 Bxe4 21. dxe4 Qc3 22. Qc2 Qd4 23. e5+ Kh8 24. Qxc7 Qd3 25. Rab1 Qe2 26. Qxb7 Qh5 27. e6 Rfe8 28. Rfe1 Nd5 29. Bxd5 Rad8 30. Bc6 Rg8 31. e7 Rd2 32. e8=Q Rxe8 33. Rxe8+ Kh7 34. Be4+ Qg6 35. Bxg6+ Kxg6 36. Qe4+ Kf7 37. Qe7+ Kg6 38. Qe6+ Kh7 39. Qg8+ Kg6 40. Re6+ Kh5 41. Rb5+ Rd5 42. Rxd5+ g5 43. Qg6# 1-0

[Event "DVM U12w 2024"]
[Site "Bad Homburg"]
[Date "2024.12.29"]
[Round "6"]
[White "Lachenmaier, Alica"]
[Black "Dinges, Mara"]
[Result "1-0"]
[ECO "A25"]
[WhiteElo "824"]
[BlackElo "854"]
[Annotator "NA RC"]
[PlyCount "73"]
[EventDate "2024.12.23"]
[EventType "team-tourn"]
[EventRounds "7"]
[EventCountry "GER"]
[SourceTitle "playchess.com"]
[Source "ChessBase"]
[SourceQuality "1"]
[TimeControl "40/5400+30:1800+30"]

1. c4 e5 2. Nc3 Nc6 3. g3 Nf6 4. Bg2 Bc5 5. e3 d5 6. cxd5 Nb4 7. d4 exd4 8. exd4 Be7 9. Nge2 Nbxd5 10. Qa4+ Bd7 11. Qc2 O-O 12. Nxd5 Bc6 13. Nxe7+ Qxe7 14. Bxc6 bxc6 15. O-O Rad8 16. Re1 Ng4 17. Bd2 Qd6 18. Rad1 Qf6 19. Nf4 Qh6 20. h3 Qd6 21. hxg4 Qxd4 22. Qxc6 Qxb2 23. Bc3 Qb8 24. Qe4 Rfe8 25. Rxd8 Rxd8 26. Qe5 f6 27. Qe7 Qc8 28. Ne6 Rd7 29. Qc5 Qe8 30. Nxc7 Qf7 31. Re8+ Qxe8 32. Nxe8 h6 33. Qe3 Kf7 34. Bd4 Re7 35. Nd6+ Kf8 36. Qf3 Re6 37. Qa8+ 1-0

[Event "DVM U12w 2024"]
[Site "Bad Homburg"]
[Date "2024.12.29"]
[Round "6"]
[White "Senthilkumar, Vasanthi"]
[Black "Rempel, Katharina"]
[Result "0-1"]
[ECO "C50"]
[WhiteElo "818"]
[BlackElo "851"]
[Annotator "NA RC"]
[PlyCount "60"]
[EventDate "2024.12.23"]
[EventType "team-tourn"]
[EventRounds "7"]
[EventCountry "GER"]
[SourceTitle "playchess.com"]
[Source "ChessBase"]
[SourceQuality "1"]
[TimeControl "40/5400+30:1800+30"]

1. e4 e5 2. Nf3 Nc6 3. Bc4 Bc5 4. Nc3 d6 5. h3 Nf6 6. d3 Be6 7. Bxe6 fxe6 8. Bg5 Qd7 9. O-O O-O-O 10. Re1 h6 11. Bxf6 gxf6 12. Qd2 Rhg8 13. Rad1 Qg7 14. Nh4 Nd4 15. Ne2 f5 16. Nxd4 Bxd4 17. c3 Bc5 18. b4 Bb6 19. a4 a6 20. a5 Ba7 21. g3 Rdf8 22. d4 exd4 23. cxd4 f4 24. Rc1 Bxd4 25. Qc2 c6 26. Red1 fxg3 27. Qc4 gxf2+ 28. Kh1 Qg3 29. Qf1 Be5 30. Rd2 Qh2# 0-1

[Event "DVM U12w 2024"]
[Site "Bad Homburg"]
[Date "2024.12.29"]
[Round "6"]
[White "Henn, Lena"]
[Black "Kessler, Lisbeth Erna"]
[Result "0-1"]
[ECO "C56"]
[WhiteElo "808"]
[BlackElo "926"]
[Annotator "NA RC"]
[PlyCount "56"]
[EventDate "2024.12.23"]
[EventType "team-tourn"]
[EventRounds "7"]
[EventCountry "GER"]
[SourceTitle "playchess.com"]
[Source "ChessBase"]
[SourceQuality "1"]
[TimeControl "40/5400+30:1800+30"]

1. e4 e5 2. Nf3 Nc6 3. d4 exd4 4. Bc4 Nf6 5. O-O d6 6. c3 dxc3 7. Nxc3 Be6 8. Bxe6 fxe6 9. b3 d5 10. exd5 exd5 11. Re1+ Be7 12. Bb2 d4 13. Ne4 Nxe4 14. Rxe4 Qd5 15. Re3 O-O-O 16. Nxd4 Bc5 17. Rg3 Rhf8 18. Qg4+ Kb8 19. Nxc6+ bxc6 20. Kh1 Rf4 21. Qe2 Rxf2 22. Qg4 Rd2 23. h3 Bf2 24. Qb4+ Ka8 25. Rxg7 Bb6 26. Bf6 Rd7 27. Qf8+ Kb7 28. Rxd7 Qxg2# 0-1

[Event "DVM U12w 2024"]
[Site "Bad Homburg"]
[Date "2024.12.29"]
[Round "6"]
[White "Brandt, Thea"]
[Black "Winkler, Helena"]
[Result "0-1"]
[ECO "C55"]
[WhiteElo "794"]
[BlackElo "778"]
[Annotator "NA RC"]
[PlyCount "50"]
[EventDate "2024.12.23"]
[EventType "team-tourn"]
[EventRounds "7"]
[EventCountry "GER"]
[SourceTitle "playchess.com"]
[Source "ChessBase"]
[SourceQuality "1"]
[TimeControl "40/5400+30:1800+30"]

1. e4 e5 2. Nf3 Nf6 3. Nc3 d6 4. Bc4 Be7 5. d3 O-O 6. O-O Nc6 7. d4 Bg4 8. dxe5 Nxe5 9. Be2 Nc6 10. Bg5 h6 11. Bxf6 Bxf6 12. Nd5 Bxf3 13. Bxf3 Bd4 14. c3 Be5 15. Rc1 Qh4 16. h3 Qg5 17. Nxc7 Bf4 18. Qc2 Bxc1 19. Nxa8 Rxa8 20. Rxc1 Re8 21. Rd1 Re6 22. Bg4 Rf6 23. e5 Nxe5 24. Be2 Rg6 25. Rd5 Qxg2# 0-1

[Event "DVM U12w 2024"]
[Site "Bad Homburg"]
[Date "2024.12.29"]
[Round "6"]
[White "Klymenko, Stefaniia"]
[Black "Dennhardt, Mira"]
[Result "1-0"]
[ECO "C50"]
[WhiteElo "785"]
[BlackElo "830"]
[Annotator "NA RC"]
[PlyCount "28"]
[EventDate "2024.12.23"]
[EventType "team-tourn"]
[EventRounds "7"]
[EventCountry "GER"]
[SourceTitle "playchess.com"]
[Source "ChessBase"]
[SourceQuality "1"]
[TimeControl "40/5400+30:1800+30"]

1. e4 e5 2. Nf3 Nc6 3. Ng1 Nb8 4. Nf3 Nc6 5. Bc4 Nf6 6. Nc3 Bc5 7. d3 d6 8. Be3 Bxe3 9. fxe3 O-O 10. O-O Ng4 11. Qe1 g6 12. h3 Nf6 13. Qh4 a6 14. Ng5 Nb4 1-0

[Event "DVM U12w 2024"]
[Site "Bad Homburg"]
[Date "2024.12.29"]
[Round "6"]
[White "Markl, Paula"]
[Black "Kotliarova, Emily"]
[Result "0-1"]
[ECO "C46"]
[WhiteElo "759"]
[BlackElo "1139"]
[Annotator "NA RC"]
[PlyCount "86"]
[EventDate "2024.12.23"]
[EventType "team-tourn"]
[EventRounds "7"]
[EventCountry "GER"]
[SourceTitle "playchess.com"]
[Source "ChessBase"]
[SourceQuality "1"]
[TimeControl "40/5400+30:1800+30"]

1. e4 e5 2. Nf3 Nc6 3. Nc3 d5 4. g3 d4 5. Nd5 Nf6 6. Nxf6+ Qxf6 7. Bg2 Bg4 8. O-O Bc5 9. d3 O-O 10. Bd2 Qe7 11. a3 Qd8 12. h3 Bxf3 13. Bxf3 a5 14. Bg2 Qd7 15. Qe2 Rab8 16. c3 b5 17. b4 Bb6 18. a4 dxc3 19. Bxc3 axb4 20. axb5 bxc3 21. bxc6 Qxc6 22. Rac1 Bd4 23. Qa2 Rb6 24. h4 Ra8 25. Qe2 Rab8 26. Qg4 Qg6 27. Qd7 Qxg3 28. Qxc7 Qxd3 29. Rfd1 Qa6 30. Bf1 Qb7 31. Qc4 g6 32. Re1 Qc6 33. Qd3 Qf6 34. Re2 Qf4 35. Rcc2 Qg4+ 36. Bg2 Rb1+ 37. Kh2 Qxh4+ 38. Bh3 g5 39. f3 Rh1+ 40. Kxh1 Qxh3+ 41. Rh2 Rb1+ 42. Rc1 Rxc1+ 43. Qd1 Rxd1# 0-1